 Dungeon Crawl Stone Soup version 0.29.1-12-g30fa7ad0bf (webtiles) character file.

Game seed: 9952012558643102019

702 sanboga the Ruffian (level 7, -13/70 HPs)
             Began as a Troll Berserker on Dec 24, 2022.
             Was a Priest of Trog.
             Engulfed by a cloud of flame (22 damage)
             ... on level 5 of the Dungeon.
             The game lasted 00:03:57 (3072 turns).

sanboga the Ruffian (Troll Berserker)               Turns: 3072, Time: 00:03:58

Health: -13/70     AC:  6    Str: 28    XL:     7   Next: 39%
Magic:  0/6        EV: 10    Int:  3    God:    Trog [***...]
Gold:   120        SH:  0    Dex:  9    Spells: 6/6 levels left

rFire   . . .      SeeInvis .     - Unarmed
rCold   . . .      Faith    .   (no shield)
rNeg    . . .      Spirit   +   a - +0 animal skin
rPois   .          Reflect  .   (helmet restricted)
rElec   .          Harm     .   n - +1 cloak
rCorr   .          Rampage  .   (gloves unavailable)
Will    .....                   (boots unavailable)
Stlth   +.........              f - amulet of guardian spirit
HPRegen 1.01/turn               (no ring)
MPRegen 0.10/turn               (no ring)

@: about to teleport
A: large, unfitting armour, claws 3, regeneration 1, shaggy fur 1, tough skin 1
a: Renounce Religion, Berserk, Trog's Hand


You were on level 5 of the Dungeon.
You worshipped Trog.
Trog was most pleased with you.
You visited 1 branch of the dungeon, and saw 5 of its levels.

You collected 120 gold pieces.

Inventory:

Armour
 a - a +0 animal skin (worn)
 n - a +1 cloak (worn)
Jewellery
 f - an amulet of guardian spirit (around neck)
Wands
 p - a wand of polymorph (11)
 s - a wand of flame (19)
Scrolls
 b - 6 scrolls of identify
 e - a scroll of noise
 t - 2 scrolls of butterflies
 u - a scroll of teleportation
Potions
 c - a potion of attraction {unknown}
 d - 3 potions of curing
 g - a potion of invisibility
 j - a potion of heal wounds {unknown}
 l - a potion of berserk rage {unknown}
 v - a potion of lignification {unknown}


   Skills:
 + Level 4.1 Fighting
 + Level 4.1 Dodging
 * Level 6.5 Unarmed Combat


You had 6 spell levels left.
You didn't know any spells.
Your spell library was empty.

Dungeon Overview and Level Annotations

Branches:
Dungeon (5/15)
 Temple: D:4-7

Altars:
Fedhas
Yredelemnul

Shops:
D:3 (


Innate Abilities, Weirdness & Mutations

You are too large for most types of armour.
You have claws for hands.
Your natural rate of healing is unusually fast.
You are covered in fur. (AC +1)
You have tough skin. (AC +1)


Message History

You hear the tinkle of a tiny bell.
It was a scroll of butterflies.
The air fills with toxic fumes!
As you read the scroll labelled PEUNOA MAUNAE, it crumbles to dust.
It was a scroll of poison.
Your butterfly is engulfed in poison gas.
Your butterfly is poisoned.
You kill your butterfly!
Your butterfly disappears in a burst of colours!
Your butterfly is engulfed in poison gas.
Your butterfly is poisoned.
You kill your butterfly!
Your butterfly disappears in a burst of colours!
As you read the scroll labelled SUOKIH GIN NUT, it crumbles to dust.
The creatures around you are filled with an inner flame!
It was a scroll of immolation.
Your butterfly is engulfed in poison gas.
Your butterfly is poisoned.
Your butterfly disappears in a burst of colours!
Your butterfly explodes!
The fiery explosion engulfs your butterfly!!
Your butterfly disappears in a burst of colours!
Your butterfly explodes!
You hear a shout!
As you read the scroll labelled EKHLAO ITWI, it crumbles to dust.
You feel strangely unstable.
It was a scroll of teleportation.
Your butterfly is engulfed in blazing flames.
Your butterfly disappears in a burst of colours!
Your butterfly explodes!
The fiery explosion engulfs you!!
Okay, then.
Your butterfly is engulfed in blazing flames.
Your butterfly disappears in a burst of colours!
Your butterfly explodes!
The fiery explosion engulfs you!!
* * * LOW HITPOINT WARNING * * *
As you read the scroll labelled OBITTYKLIN, it crumbles to dust.
It is a scroll of identify.
g - a potion of invisibility You are engulfed in blazing flames.
You die...

#. #........ #....#
#..####.#
##....####..#
#......§##..#
#.....§§§...#
....§§§#.#.####.#
#.§§§§§###.....#
###§§§###.#.######
#.########@§§§§§§§..##
#..§§§§§.§§##########
############


There were no monsters in sight!

Vanquished Creatures
  Sigmund (D:3)
  Pargi (D:3)
  A phantom (D:4)
  2 scorpions (D:4)
  Crazy Yiuf (D:3)
  An iguana (D:5)
  Ijyb (D:3)
  An orc wizard (D:4)
  Robin (D:3)
  A gnoll (D:1)
  2 adders
  A worm (D:4)
  6 dart slugs
  8 orcs
  6 ball pythons
  8 bats
  7 endoplasms
  A giant cockroach (D:2)
  14 goblins
  13 hobgoblins
  2 jackals (D:1)
  7 kobolds
  4 quokkas
  3 frilled lizards
  3 rats
96 creatures vanquished.

Notes
Turn   | Place    | Note
-------+----------+-------------------------------------------
     0 | D:1      | sanboga the Troll Berserker began the quest for the Orb.
     0 | D:1      | Reached XP level 1. HP: 22/22 MP: 0/0
   134 | D:1      | Reached XP level 2. HP: 29/29 MP: 1/1
   372 | D:1      | Reached XP level 3. HP: 36/36 MP: 2/2
   756 | D:2      | Reached ** piety under Trog
  1166 | D:2      | Reached skill level 4 in Unarmed Combat
  1663 | D:3      | Noticed Pargi
  1678 | D:3      | Killed Pargi
  1679 | D:3      | Reached XP level 4. HP: 18/45 MP: 0/3
  1679 | D:3      | Reached XP level 5. HP: 21/53 MP: 0/4
  1722 | D:3      | Found Hiludoi's Antique Weapon Shop.
  1738 | D:3      | Noticed Robin
  1756 | D:3      | Killed Robin
  1806 | D:3      | Found a blossoming altar of Fedhas.
  1836 | D:3      | Found a basalt altar of Yredelemnul.
  1860 | D:3      | Reached *** piety under Trog
  2004 | D:3      | Noticed Sigmund
  2012 | D:3      | Killed Sigmund
  2013 | D:3      | Reached skill level 5 in Unarmed Combat
  2013 | D:3      | Reached XP level 6. HP: 58/61 MP: 5/5
  2021 | D:3      | Noticed Ijyb
  2066 | D:3      | Killed Ijyb
  2130 | D:3      | Found a runed translucent door.
  2131 | D:3      | Noticed Crazy Yiuf
  2205 | D:3      | Found a faded altar of an unknown god.
  2447 | D:3      | Killed Crazy Yiuf
  2548 | D:4      | Reached skill level 6 in Unarmed Combat
  2548 | D:4      | Reached XP level 7. HP: 60/68 MP: 6/6
  3025 | D:5      | Entered Level 5 of the Dungeon
  3072 | D:5      | Engulfed by a cloud of flame

Illustrated notes

Levels and vault maps discovered:
D:1:      giann_forest_graveyard, layout_basic
D:2:      layout_basic
D:3:      layout_loops_cross, gammafunk_temple_overflow_statue, serial_shops,
          shop, hellmonk_ecumenical_altar_inner_sanctum, uniq_robin,
          uniq_crazy_yiuf_cottage, uniq_ijyb, uniq_pargi, uniq_sigmund
D:4:      layout_cave_pools
D:5:      old_forge, layout_loops_ring, mainiacjoe_overflow_24_doors,
          mainiacjoe_overflow_tiny_flanked, portal_sewer_entry_b,
          nicolae_ossuary_entry_catacombs, chequers_big_river

Skill      XL: |  1  2  3  4  5  6  7 |
---------------+----------------------+-----
Unarmed Combat | 4 5 6 |  6.5
Fighting       | 3 4 |  4.1
Dodging        | 3 4 |  4.1

Action                   |  1- 3 |  4- 6 |  7- 9 || total
-------------------------+-------+-------+-------++-------
Melee: Unarmed           |   118 |    87 |    52 ||   257
       Punch             |     1 |     1 |       ||     2
Invok: Berserk           |     1 |     1 |       ||     2
  Use: Scroll            |       |       |    11 ||    11
 Stab: Sleeping          |     1 |       |       ||     1
Armor: Animal skin       |    54 |    36 |    21 ||   111
       Skin              |       |     1 |       ||     1
Dodge: Dodged            |    72 |    51 |    23 ||   146
